groh, neutral female scurrid Archeologist . --... |..... ---...... --..%...... ....--..%.-.. ....||....<.. | -..|---..... |....| |....- ---..-- --...| |...| --.- --..-- - |.... |.--f.. |.--.... |....I... |.....I| ---.|@-- ----- groh the Investigator Experience level: 7 Strength: 14 Dexterity: 8 Constitution: 15 Intelligence: 15 Wisdom: 14 Charisma: 5 Health: 0(59) Energy: 34(34) Def: 4 Gold: 0 Moves: 2065 Dungeon seed: DMbCFhRuJmjNQW_8 Game ID: groh_1540288045 Your Inventory: Weapons a - an uncursed +2 bullwhip (weapon in paw) d - a blessed +3 bow named Bow of Bloodlust o - an uncursed +0 boomerang s - an uncursed +0 elven dagger U - 4 uncursed +0 daggers (in quiver) W - a blessed poisoned +1 dart Armor e - an uncursed +0 leather jacket (being worn) n - an uncursed +0 pair of leather gloves (being worn) r - an uncursed +0 dwarvish roundshield B - an uncursed +0 dwarvish cloak (being worn) Y - an uncursed +0 pair of iron shoes (being worn) Comestibles b - 2 uncursed chestnuts m - 3 uncursed food rations t - 3 uncursed tripe rations Scrolls x - an uncursed scroll of scare monster A - an uncursed scroll of scare monster D - 2 uncursed scrolls of blank paper E - a cursed scroll of blank paper N - an uncursed scroll of consecration O - an uncursed scroll of light Spellbooks i - an uncursed spellbook of jumping L - an uncursed spellbook of force bolt Potions v - an uncursed potion of healing z - an uncursed potion of sickness Rings P - an uncursed ring of teleport control Q - an uncursed ring of searching Wands j - an uncursed wand of light (0:11) u - an uncursed wand of teleportation (0:3) K - an uncursed wand of magic missile (0:0) Z - an uncursed wand of magic missile (0:0) Tools c - an uncursed pair of lenses (being worn) f - an uncursed sack g - an uncursed tin opener (alternate weapon; not wielded) h - an uncursed oil lamp (lit) (0:682) w - an uncursed towel C - an uncursed bag of tricks (0:17) F - an uncursed brass lantern (0:1305) G - an uncursed skeleton key Gems q - an uncursed touchstone Contents of the sack: 934 gold pieces a [uncursed] amethyst a [uncursed] dilithium crystal a [uncursed] fluorite a [cursed] touchstone Spells and supernatural/magical abilities: Name Level Category Fail Memory a - force bolt 1 attack 19% 97% j - jumping 1 escape 19% 90% W - pray for help -- divine ? -- Your skills at the end: Miscellaneous Skills wands [Basic] stealth [Master] Weapon Skills whip [Basic] Spellcasting Skills Final Attributes: You were devoutly aligned. You had automatic searching. You had infravision. You were very stealthy. You were fast. You were lucky. You are dead. Vanquished creatures: a large cat a tengu a giant spider a vampire bat a dog a dwarf lord a dust vortex a wood nymph a rock piercer 2 gnome lords 3 gnomish wizards a guardian naga hatchling a straw golem a paper golem a floating eye 12 dwarves 5 hill orcs 3 rothes a giant bat 2 dwarf zombies 4 killer bees 5 hobbits a gecko 24 gnomes 3 garter snakes 6 manes a gnome zombie 3 jackals a kobold 5 newts 2 goblins 2 sewer rats 7 grid bugs 2 lichens a kobold zombie 108 creatures vanquished. Voluntary challenges: You were vegetarian. You did not cause conflict. You did not have reflection. You were not displaced. You used a wielded weapon 264 times, starting on turn 66. You did not apply a unicorn horn. You did not use sinks. You read items or engraved 6 times, starting on turn 22. You never genocided any monsters. You never polymorphed an object. You never changed form. You used no wishes. You never split a pudding. You never wrote Elbereth's name. You violated your moral code, losing 1 point of alignment, starting on turn 1702. Dungeon overview: The Dungeons of Doom: levels 1 to 3 Level 1 some altars to Camaxtli and Huhetotl a long staircase Level 2 a fountain Level 3 stairs to The Gnomish Mines The Gnomish Mines: levels 4 to 11 Level 4 stairs to The Dungeons of Doom Level 5 Level 6 some shops, a temple to Camaxtli, a magic chest, some fountains Level 7 Level 8 Level 9 Level 10 Level 11 <- You were here History has recorded: On T:1 you entered the Dungeons of Doom to retrieve the Amulet of Yendor! On T:128 you reached level 2 of The Dungeons of Doom. On T:277 you reached level 3 of The Dungeons of Doom. On T:311 you reached level 1 of The Gnomish Mines. On T:324 you advanced to experience level 2. On T:344 you advanced to experience level 3. On T:482 you reached level 2 of The Gnomish Mines. On T:507 you advanced to experience level 4. On T:626 you prayed to Camaxtli. On T:639 you reached level 3 of The Gnomish Mines. On T:687 you advanced to experience level 5. On T:693 you opened a magic chest. On T:773 you entered the Minetown temple On T:1214 you reached level 4 of The Gnomish Mines. On T:1241 you advanced to experience level 6. On T:1501 you reached level 5 of The Gnomish Mines. On T:1757 you advanced to experience level 7. On T:1803 you reached level 6 of The Gnomish Mines. On T:1880 you reached level 7 of The Gnomish Mines. On T:1941 you prayed to Camaxtli. On T:2037 you reached level 8 of The Gnomish Mines. Score breakdown: Gold: 934 ( 93 points) Experience: 7 levels ( 600 points) Exploration: 11 levels ( 300 points) Discoveries: 42 items ( 2000 points) Variety of kills: 35 monsters ( 1750 points) Major goal: reached Minetown ( 500 points) Survival: died (score multiplied by 3) Total score: 15729 Latest messages: You see here a large cat corpse. You whip the killer bee. You kill the killer bee! (2x) You hit your foot with your bullwhip. The housecat suddenly falls asleep! Something claws you! You whip something. Something claws you! The magic missile hits something! The magic missile bounces! The magic missile hits something. You whip something. Something claws you! You feel an absence of magical power. Something claws you! You die... Final status: Goodbye groh the Archeologist, killed by an invisible stalker... You died in The Gnomish Mines on dungeon level 11 with 15729 points, and 934 pieces of gold, after 2065 moves. You were level 7 with a maximum of 59 hit points when you died.